Map: [ESL] Alcyone

Players

ArT

  • Race: Protoss Protoss
  • Spawn Location: 7:00

Harstem - Winner!

  • Race: Protoss Protoss
  • Spawn Location: 1:00

Event: ESL SC2 Masters 2023 Winter (Regional)

VOD

Have the link to the VOD?

Description

Time

  • Played on: Nov. 2, 2023, 11:56 a.m.
  • Length: 15:53

All games in this series

Show
View Real Time Build Order
Export as new Build Order

ArT Protoss 

Build Orders:  

Get SALT Encoding   

  12  0:00  Probe  
  13  0:12  Probe  
  14  0:17  Pylon  
  14  0:24  Probe (Chrono Boost)  
  15  0:36  Probe (Chrono Boost)  
  15  0:37  Gateway  
  16  0:43  Assimilator  
  16  0:46  Probe (Chrono Boost)  
  17  0:54  Probe  
  17  0:56  Assimilator  
  18  1:06  Probe (Chrono Boost)  
  19  1:11  Gateway  
  19  1:16  Probe (Chrono Boost)  
  20  1:21  Probe (Chrono Boost)  
  20  1:24  Cybernetics Core  
  21  1:33  Pylon  
  21  1:34  Probe  
  22  1:46  Probe  
  23  1:51  Gateway  
  23  2:01  Stalker  
  23  2:02  Stalker  
  23  2:03  Warp Gate (Chrono Boost)  
  27  2:14  Pylon  
  27  2:17  Probe  
  28  2:31  Stalker  
  28  2:32  Stalker  
  32  2:40  Stalker  
  34  2:59  Shield Battery  
  34  3:18  Nexus  
  34  3:25  Probe  
  35  3:27  Pylon  
  35  3:48  Stalker x2  
  37  3:51  Sentry  
  37  3:52  Probe  
  40  4:00  Twilight Council  
  40  4:08  Probe  
  41  4:13  Stalker  
  43  4:20  Probe  
  43  4:21  Stalker  
  46  4:30  Blink (Chrono Boost)  
  46  4:33  Probe x2  
  46  4:48  Stalker  
  48  4:54  Stalker  
  48  4:56  Probe  
  48  4:57  Probe  
  52  5:06  Robotics Facility  
  52  5:14  Probe  
  52  5:17  Probe  
  52  5:21  Pylon  
  54  5:24  Stalker  
  55  5:29  Probe x2  
  57  5:40  Stalker  
  57  5:41  Probe x2  
  61  5:45  Shield Battery  
  61  5:46  Sentry  
  63  5:51  Sentry  
  63  5:53  Probe, Pylon  
  66  6:10  Pylon  
  66  6:11  Probe  
  67  6:19  Stalker  
  69  6:29  Nexus  
  69  6:30  Pylon, Probe (Chrono Boost)  
  71  6:33  Probe (Chrono Boost)  
  71  6:34  Forge  
  71  6:38  Probe (Chrono Boost)  
  72  6:41  Assimilator  
  72  6:43  Gateway  
  72  6:49  Probe x2, Pylon  
  72  6:52  Shield Battery  
  74  7:01  Probe, Charge  
  74  7:02  Probe  
  74  7:04  Gateway  
  74  7:08  Protoss Ground Weapons Level 1 (Chrono Boost)  
  76  7:13  Probe  
  77  7:15  Probe  
  77  7:18  Gateway  
  78  7:25  Probe  
  78  7:27  Gateway  
  78  7:28  Probe  
  80  7:31  Gateway  
  80  7:34  Observer  
  81  7:37  Templar Archives  
  81  7:39  Probe (Chrono Boost)  
  81  7:40  Probe (Chrono Boost)  
  83  7:47  Probe (Chrono Boost)  
  83  7:51  Probe (Chrono Boost)  
  83  7:55  Zealot x3  
  83  7:57  Warp Prism  
  91  7:58  Probe (Chrono Boost)  
  91  8:00  Probe (Chrono Boost)  
  90  8:10  Probe  
  90  8:11  Probe  
  92  8:17  High Templar x2  
  96  8:20  Pylon x2  
  96  8:21  Archon  
  96  8:24  Zealot x3  
  102  8:29  Assimilator  
  102  8:38  Pylon  
  102  8:39  High Templar x2  
  106  8:43  Nexus  
  106  8:44  Archon  
  106  8:45  Pylon  
  105  8:56  Zealot x5, Pylon  
  114  9:20  Nexus, High Templar x2  
  114  9:21  Pylon  
  118  9:24  Archon  
  118  9:28  Stalker  
  118  9:29  Pylon  
  101  9:49  Stalker  
  103  9:55  Zealot  
  95  10:30  Nexus  
  95  10:38  High Templar x2  
  95  10:39  Stalker  
  101  10:43  Archon  
  101  10:51  Stalker  
  85  11:05  Pylon  
  85  11:14  Stalker x2  
  85  11:15  Stalker x2  
  84  11:23  Probe x2  
  84  11:27  Unknown  
  84  11:37  Phoenix  
  84  11:38  Probe  
  84  11:39  Probe  
  86  11:41  Observer (Chrono Boost)  
  86  11:43  Zealot x5  
  86  11:46  Probe  
  98  11:56  Observer, Stalker  
  98  12:00  Probe  
  99  12:04  Probe x2  
  99  12:06  Stalker  
  103  12:13  Probe  
  104  12:15  Protoss Ground Weapons Level 2 (Chrono Boost)  
  104  12:21  Probe  
  103  12:24  Probe  
  103  12:25  Photon Cannon, Probe  
  105  12:33  Photon Cannon, Probe  
  106  12:37  High Templar  
  106  12:38  High Templar  
  106  12:39  Probe x2  
  106  12:43  Archon  
  112  12:45  Zealot x2  
  112  12:49  Zealot  
  118  12:53  Observer  
  118  12:54  Zealot  
  120  13:00  Pylon  
  120  13:08  Zealot  
  120  13:09  Zealot  
  120  13:10  Pylon  
  122  13:13  Pylon  
  122  13:17  Probe  
  114  13:22  Photon Cannon  
  114  13:25  Shield Battery  
  114  13:28  Zealot x2  
  108  13:40  Stalker x3  
  106  13:44  Stalker  
  100  13:52  Shield Battery, Probe x2  
  100  13:53  Probe  
  99  14:05  Stalker x3  
  99  14:07  Observer  
  99  14:09  Probe x2  
  107  14:15  Robotics Bay  
  107  14:17  Observer  
  107  14:18  Observer (Chrono Boost)  
  107  14:22  Robotics Facility  
  106  14:33  Observer  
  106  14:36  Probe (Chrono Boost)  
  110  14:46  Probe (Chrono Boost)  
  110  14:47  Probe (Chrono Boost)  
  110  14:49  Probe (Chrono Boost)  
  110  14:56  Nexus  
  110  14:58  Probe (Chrono Boost)  
  110  14:59  Pylon  
  112  15:00  Probe (Chrono Boost)  
  112  15:05  Disruptor (Chrono Boost), Photon Cannon  
  116  15:11  Probe x3  
  116  15:12  Disruptor (Chrono Boost)  
  123  15:17  Stalker  
  123  15:30  Zealot x5  
  136  15:45  Zealot  
Show
View Real Time Build Order
Export as new Build Order

Harstem Protoss - Winner!

Build Orders: Oracle Opening 

Get SALT Encoding   

  12  0:00  Probe  
  13  0:12  Probe  
  14  0:17  Pylon  
  14  0:24  Probe (Chrono Boost)  
  15  0:36  Gateway, Probe (Chrono Boost)  
  16  0:44  Probe (Chrono Boost)  
  16  0:47  Assimilator  
  17  0:51  Probe  
  17  0:54  Assimilator  
  18  1:03  Probe (Chrono Boost)  
  19  1:08  Gateway  
  20  1:12  Probe (Chrono Boost)  
  20  1:17  Probe (Chrono Boost)  
  20  1:24  Cybernetics Core  
  21  1:29  Probe  
  22  1:41  Probe, Pylon  
  23  1:59  Probe  
  23  2:00  Stargate  
  24  2:03  Warp Gate, Adept  
  26  2:10  Stalker  
  28  2:18  Pylon  
  28  2:19  Probe  
  29  2:33  Probe  
  30  2:42  Oracle (Chrono Boost)  
  32  2:46  Stalker  
  35  2:57  Probe  
  35  3:06  Stalker  
  35  3:09  Pylon  
  35  3:10  Probe  
  38  3:18  Robotics Facility  
  38  3:20  Shield Battery  
  38  3:30  Zealot  
  38  3:31  Pylon  
  40  3:50  Probe  
  41  4:03  Probe  
  41  4:04  Stalker  
  41  4:07  Stalker  
  46  4:19  Nexus  
  46  4:22  Probe  
  47  4:29  Immortal (Chrono Boost)  
  47  4:35  Probe  
  52  4:45  Stalker  
  52  4:51  Probe, Pylon  
  53  4:53  Sentry  
  55  5:05  Twilight Council  
  55  5:09  Observer, Probe (Chrono Boost)  
  57  5:21  Probe (Chrono Boost)  
  58  5:26  Adept x2  
  58  5:28  Probe (Chrono Boost)  
  61  5:32  Probe (Chrono Boost)  
  62  5:41  Blink (Chrono Boost), Probe (Chrono Boost)  
  64  5:43  Probe (Chrono Boost)  
  64  5:47  Probe (Chrono Boost)  
  64  5:48  Gateway, Probe (Chrono Boost)  
  66  5:55  Stalker  
  68  6:00  Stalker  
  70  6:04  Pylon  
  70  6:14  Nexus  
  70  6:21  Probe  
  70  6:25  Probe  
  72  6:27  Assimilator  
  72  6:30  Stalker x2  
  76  6:33  Observer, Probe  
  76  6:37  Probe  
  79  6:43  Forge  
  79  6:45  Probe, Stalker  
  82  6:49  Probe  
  83  6:57  Stalker, Probe, Pylon  
  83  7:01  Observer  
  86  7:15  Probe x2  
  88  7:16  Protoss Ground Weapons Level 1, Stalker x2  
  88  7:22  Pylon  
  92  7:27  Stalker, Probe x2  
  96  7:30  Probe  
  97  7:39  Probe x2  
  99  7:45  Stalker x2  
  99  7:46  Probe  
  99  7:48  Pylon  
  106  7:51  Observer, Probe x2, Stalker  
  106  7:56  Charge (Chrono Boost)  
  106  7:58  Probe  
  109  7:59  Gateway  
  109  8:04  Gateway  
  109  8:05  Probe  
  106  8:13  Probe  
  106  8:19  Stalker x2  
  111  8:22  Nexus  
  111  8:23  Pylon  
  111  8:25  Assimilator  
  111  8:26  Stalker  
  113  8:32  Probe  
  114  8:35  Probe  
  114  8:36  Gateway  
  115  8:42  Gateway  
  115  8:44  Gateway, Adept x2  
  117  8:49  Shield Battery  
  117  9:01  Stalker x3  
  120  9:03  Shield Battery  
  120  9:05  Stalker x2  
  118  9:10  Photon Cannon  
  118  9:13  Pylon  
  118  9:15  Pylon  
  108  9:19  Probe  
  108  9:21  Pylon  
  107  9:32  Photon Cannon  
  107  9:33  Photon Cannon  
  107  9:37  Sentry  
  107  9:43  Shield Battery  
  105  9:53  Phoenix  
  105  9:55  Stalker x3  
  107  10:03  Protoss Ground Weapons Level 2 (Chrono Boost)  
  103  10:17  Nexus, Stalker x3  
  109  10:26  Shield Battery, Stalker  
  111  10:30  Stalker  
  113  10:41  Stalker x2  
  116  10:46  Stalker  
  118  11:03  Stalker x2  
  116  11:06  Probe  
  116  11:09  Pylon  
  116  11:10  Assimilator  
  117  11:27  Stalker x3  
  117  11:31  Probe x2 (Chrono Boost)  
  123  11:40  Photon Cannon, Probe (Chrono Boost)  
  123  11:41  Probe (Chrono Boost)  
  123  11:44  Probe (Chrono Boost)  
  123  11:45  Stalker, Probe (Chrono Boost)  
  123  11:46  Probe (Chrono Boost)  
  126  11:49  Stalker  
  126  11:53  Probe  
  131  11:57  Probe  
  132  12:03  Zealot x4  
  137  12:21  Stalker  
  137  12:22  Stalker  
  141  12:27  Pylon  
  141  12:30  Robotics Bay, Pylon  
  141  12:33  Dark Shrine  
  141  12:39  Pylon  
  141  12:45  Probe  
  141  12:47  Nexus  
  140  13:00  Zealot x4  
  140  13:01  Zealot x2  
  150  13:13  Probe, Protoss Ground Weapons Level 3 (Chrono Boost)  
  150  13:16  Probe  
  150  13:17  Probe  
  150  13:19  Pylon  
  153  13:25  Pylon  
  153  13:26  Disruptor, Probe  
  138  13:42  Probe  
  138  13:47  Phoenix  
  135  13:49  Stalker x3  
  135  13:50  Stalker x2  
  135  13:53  Photon Cannon  
  143  14:00  Probe (Chrono Boost)  
  143  14:02  Disruptor  
  146  14:03  Assimilator  
  146  14:04  Probe x2 (Chrono Boost)  
  148  14:10  Probe (Chrono Boost)  
  148  14:11  Probe (Chrono Boost)  
  148  14:15  Dark Templar x3  
  154  14:23  Assimilator  
  154  14:25  Pylon  
  150  14:35  Disruptor (Chrono Boost)  
  154  14:38  Probe  
  154  14:39  Probe x2  
  154  14:41  Probe  
  154  14:43  Assimilator  
  158  14:48  Nexus  
  158  14:49  Photon Cannon  
  158  15:03  Disruptor (Chrono Boost), Stalker x3  
  168  15:08  Pylon  
  168  15:17  Stalker x5  
Tags
 
Add a new tag
Caveats
  • Supply blocks, unpowered buildings, or Contaminate may cause inaccurate times.
  • Supply counts are checked every 10 seconds.